AoeStats
← çilek

Arabia

505454099Analyzed
1v1 RM · 23d ago on Sep 9, 2026· 74m 30s· 2 players
Game mode
Random Map
Map size
Tiny (2 player)
Population
200
Speed
Normal
Resources
Standard
Victory
Conquest
Starting age
Dark Age
Ending age
Imperial Age
RankedLock teamsTeams togetherTeam positionsShared explorationLock speedFull tech treeHidden civsTurbo modeCheats
Victory
Defeat
🇦🇷 Maya · Argentina
454
+19
🇹🇷 Franks · Türkiye
516
-19
sodomaw
0:39 Loom
10:02 Feudal Age
12:03 Double-Bit Axe
14:49 Horse Collar
18:31 Fletching
21:47 Castle Age
26:07 Thumb Ring
26:11 Squires
27:22 Wheelbarrow
27:39 Wheelbarrow
26:43 Elite Skirmisher
27:40 Pikeman
29:20 Stone Mining
29:21 Gold Mining
29:44 Bow Saw
29:38 Heavy Plow
30:11 Fervor
30:40 Scale Mail Armor
30:37 Bodkin Arrow
32:17 Stone Shaft Mining
32:04 Hand Cart
31:40 Town Watch
33:03 Ballistics
34:02 Town Patrol
37:41 Hul'che Javelineers
38:47 Chain Mail Armor
38:46 Forging
42:28 Imperial Age
50:34 Plate Mail Armor
50:40 Iron Casting
50:05 Bracer
50:05 Padded Archer Armor
51:17 Conscription
50:30 Eagle Warrior
50:32 Halberdier
53:54 Holcans
55:03 Chemistry
54:17 Masonry
54:04 Murder Holes
54:20 Fortified Wall
57:36 Elite Eagle Warrior
64:58 Blast Furnace
64:13 Leather Archer Armor
66:43 Arson
çilek
13:10 Feudal Age
17:19 Wheelbarrow
21:46 Castle Age
25:55 Elite Skirmisher
31:09 Loom
31:40 Hand Cart
31:10 Town Watch
34:12 Double-Bit Axe
36:37 Bow Saw
39:37 Imperial Age
39:32 Forging
39:13 Fletching
42:45 Town Patrol
47:46 Chivalry
50:34 Cavalier
51:17 Onager
54:35 Conscription
54:36 #83
53:37 Elite Throwing Axeman
62:22 Siege Engineers
63:17 Chemistry
62:39 Ballistics
66:24 Paladin
71:27 Light Cavalry
Connection lost

Rejoining the realm…

Still unreachable

The connection could not be restored.

Session expired

The server has moved on; the page needs a fresh start.